Cogmind - Beta 14 @@@ ROGUE MODE // 2024.09.07 @ 22:13:22 Player: Buttons Result: Destroyed by D-53 Grenadier with Mini Grenade Launcher Performance ------------- Evolutions (0) 0 Regions Visited (2) 400 Robots Destroyed (17) 85 Value Destroyed (275) 275 Prototype IDs (0) 0 Alien Tech Used (0) 0 Bonus (0) 0 TOTAL SCORE: 760 Bonus ------- None Cogmind --------- Core Integrity 0/250 Matter 298/300 Energy 250/250 System Corruption 0% Temperature Cool (0) Movement Rolling (140) Ox4 Location -10/Mines Parts ------- > --- POWER (1) -------- Ion Engine > --- PROPULSION (2) --- Wheel > --- UTILITY (2) ------ High-capacity Storage Unit > --- WEAPON (2) ------- Light Assault Rifle Light Assault Rifle > --- INVENTORY (20) --- Ion Engine Light Ion Engine Wheel Wheel Wheel Wheel Wheel Compact Wheel Small Storage Unit Hacking Suite EM Pulse Gun Small Laser Light Assault Rifle Light Assault Rifle Light Assault Rifle Mining Laser Enhanced Flamer Peak State ------------ > --- POWER ------------ Light Ion Engine > --- PROPULSION ------- Wheel Wheel > --- UTILITY ---------- High-capacity Storage Unit Improved Terrain Scanner > --- WEAPON ----------- Small Laser Light Assault Rifle > --- INVENTORY -------- Ion Engine Light Ion Engine Wheel Wheel Wheel Wheel Compact Wheel Small Storage Unit EM Pulse Gun Mining Laser [Rating: 10] Favorites ----------- Power Ion Engine Engine Ion Engine Propulsion Wheel Wheel Wheel Utility High-capacity Storage Unit Device Seismic Detector Storage High-capacity Storage Unit Weapon Small Laser Energy Gun Small Laser Ballistic Gun Light Assault Rifle Special Weapon Mining Laser Build | -11 -10 -10 ------- Run | Yrd Mat Min Slots Evolved . | . . . Power . | . . . Propulsion . | . . . Utility . | . . . Weapon . | . . . Parts Attached 24 | 7 16 1 Power 4 | 1 3 . Engine 4 | 1 3 . Core . | . . . Reactor . | . . . Propulsion 7 | 2 5 . Treads . | . . . Leg . | . . . Wheel 7 | 2 5 . Hover . | . . . Flight . | . . . Utility 4 | 2 2 . Device 2 | 1 1 . Storage 2 | 1 1 . Processor . | . . . Hackware . | . . . Protection . | . . . Artifact . | . . . Weapon 9 | 2 6 1 Energy Gun 1 | 1 . . Energy Cannon . | . . . Ballistic Gun 6 | 1 4 1 Ballistic Cannon . | . . . Launcher . | . . . Special Weapon 2 | . 2 . Impact Weapon . | . . . Slashing Weapon . | . . . Piercing Weapon . | . . . Special Melee Weapon . | . . . Unidentified Prototypes . | . . . Parts Lost 4 | . 2 2 Power 1 | . 1 . Propulsion 2 | . 1 1 Utility 1 | . . 1 Weapon . | . . . Highest Loss Streak 2 | . 2 2 To Critical Strikes . | . . . Average Slot Usage (%) 98 | . 97 100 Engine 12 | . 12 14 Wheel 27 | . 27 28 Device 14 | . 14 14 Storage 14 | . 14 14 Energy Gun 12 | . 14 8 Ballistic Gun 15 | . 13 19 Peak Build Rating 10 | 9 10 9 Average Rating 8 | 6 7 8 On Entrance 5 | . 9 8 Naked Turns . | . . . Heaviest Build 49 | 11 49 48 Greatest Support 20 | 20 20 20 Greatest Overweight (x) 2 | . 2 2 Average Overweight (x) 1 | . 1 2 Largest Inventory Capacity 20 | 8 20 20 Average Capacity 18 | 7 19 20 Most Carried 20 | 6 17 20 Average Carried 12 | 3 11 17 Final Capacity 20 | 8 20 20 Final Carried 17 | 6 15 17 Class Distribution -------------------- 100% | Mutant Dominant Class ---------------- Mutant | -10/Materials Mutant | -10/Mines Resources | -11 -10 -10 ----------- Run | Yrd Mat Min Matter Collected 557 | 277 248 32 Remotely . | . . . Salvage Created 489 | 111 289 89 Parts 34 | 9 15 10 Haulers Intercepted 1 | . 1 . Recyclers Shooed 1 | . 1 . Parts Field Recycled . | . . . Retrieved Matter . | . . . Parts Self-Destructed . | . . . Prevented . | . . . Kills | -11 -10 -10 ------- Run | Yrd Mat Min Combat Hostiles Destroyed 11 | . 5 6 Guns 11 | . 5 6 Classes Destroyed 6 | 2 3 1 Tunneler 3 | 2 1 . Hauler 1 | . 1 . Recycler 1 | 1 . . Operator 1 | . 1 . Swarmer 6 | . . 6 Grunt 5 | . 5 . Best Kill Streak 5 | 2 5 3 Combat Bots Only 5 | . 5 3 Max Kills in Single Turn 1 | 1 1 1 Gunslinging . | . . . Exploded . | . . . Melee . | . . . Uniques/NPCs Destroyed . | . . . Combat | -11 -10 -10 -------- Run | Yrd Mat Min Hostile Shots Fired 74 | . 49 25 Missed 16 | . 8 8 Damage Taken 755 | . 455 300 Core 285 | . 164 121 Absorbed by Shields . | . . . Core Remaining (%) 100 | 100 . . Volleys Fired 63 | 7 41 15 Largest 2 | 2 2 2 Hottest 100 | 60 100 60 Shots Fired 121 | 14 77 30 Gun 118 | 14 74 30 Cannon . | . . . Launcher . | . . . Special 3 | . 3 . Kinetic 63 | 7 38 18 Thermal 58 | 7 39 12 Explosive . | . . . Electromagnetic . | . . . Robot Hit Streak 10 | 4 10 5 Robot Miss Streak 6 | 2 3 6 Penetration Max . | . . . Secondary Targets 2 | . 2 . Max Gunslinging Chain 1 | . 1 . Shots Hit Robots 70 | 7 49 14 Core Hits 26 | 4 15 7 Critical Kills . | . . . Critical Parts Destroyed . | . . . Critical Strikes . | . . . Melee Attacks . | . . . Impact . | . . . Slashing . | . . . Piercing . | . . . Sneak Attacks . | . . . Combat Hostiles . | . . . Follow-up Attacks . | . . . Damage Inflicted 799 | 69 593 137 Guns 799 | 69 593 137 Cannons . | . . . Explosions . | . . . Melee . | . . . Ramming . | . . . Kinetic 432 | 15 325 92 Thermal 367 | 54 268 45 Explosive . | . . . Electromagnetic . | . . . Impact . | . . . Slashing . | . . . Piercing . | . . . Highest Corruption . | . . . Average Corruption . | . . . Corruption Purged . | . . . Corruption Blocked . | . . . Overload Shots . | . . . Overflow Damage . | . . . Projectiles . | . . . Explosions . | . . . Melee . | . . . Knockbacks . | . . . Impact . | . . . Kinetic . | . . . Secondary . | . . . Self-Inflicted Damage . | . . . Shots . | . . . Rammed . | . . . Targets Rammed . | . . . Kicked . | . . . Crushed . | . . . Highest Temperature 49 | 20 49 40 Average Temperature 25 | 15 29 18 Received Heat Transfer 246 | . 246 . Siege Activations . | . . . Robots Corrupted . | . . . Combat Hostiles . | . . . Parts Fried . | . . . Impact Corruptions . | . . . Robots Melted . | . . . Combat Hostiles . | . . . Parts Melted . | . . . Heat Transferred 825 | 125 600 100 Parts Sabotaged . | . . . Parts Stolen . | . . . Parts Stripped . | . . . Power Chain Reactions . | . . . Alert | -11 -10 -10 ------- Run | Yrd Mat Min Peak Influence 198 | 15 198 164 Initial 9 | . 9 9 Average 65 | 5 55 101 Maximum Alert Level . | . . . Low Security (%) 100 | 100 100 100 Level 1 . | . . . Level 2 . | . . . Level 3 . | . . . Level 4 . | . . . Level 5 . | . . . High Security . | . . . Max Security . | . . . Squads Dispatched 3 | . 3 . Investigation 1 | . 1 . Extermination . | . . . Reinforcement 2 | . 2 . Assault . | . . . Garrison . | . . . Intercept . | . . . Searches Triggered . | . . . Construction Impeded . | . . . Haulers Reinforced . | . . . Active Scanning Responses . | . . . Cargo Convoy Interrupts . | . . . Stealth | -11 -10 -10 --------- Run | Yrd Mat Min Distress Signals 3 | . 3 . Communications Jammed . | . . . Distress Signals . | . . . Times Spotted 22 | . 14 8 Peak Tracking Total 5 | . 5 3 Tactical Retreats 2 | . 1 1 Traps | -11 -10 -10 ------- Run | Yrd Mat Min Traps Triggered 2 | . 2 . Indirectly . | . . . Trap Hack Attempts . | . . . Triggered . | . . . Disarmed . | . . . Reprogrammed . | . . . Reused . | . . . Traps Extracted . | . . . Installed . | . . . Triggered . | . . . Machines | -11 -10 -10 ---------- Run | Yrd Mat Min Machines Disabled . | . . . Max in Single Turn . | . . . Machines Repaired . | . . . Machines Dismantled . | . . . Machines Sabotaged . | . . . Overloaded Fab Kills . | . . . Hacking | -11 -10 -10 --------- Run | Yrd Mat Min Machines Accessed 4 | . 4 . Terminals 4 | . 4 . Fabricators . | . . . Repair Stations . | . . . Recycling Units . | . . . Scanalyzers . | . . . Garrison Access . | . . . Total Hacks 11 | . 11 . Successful 7 | . 7 . Failed 4 | . 4 . Catastrophic . | . . . Database Lockouts . | . . . Manual 11 | . 11 . Terminals 11 | . 11 . Fabricators . | . . . Repair Stations . | . . . Recycling Units . | . . . Scanalyzers . | . . . Garrison Access . | . . . Terminal Hacks 1 | . 1 . Branch Access Points 1 | . 1 . Fabricator Hacks . | . . . Repair Station Hacks . | . . . Recycling Unit Hacks . | . . . Scanalyzer . | . . . Garrison Access Hacks . | . . . Unauthorized Hacks 6 | . 6 . Terminals 6 | . 6 . Botnet 2 | . 2 . Skim 4 | . 4 . Fabricators . | . . . Repair Stations . | . . . Recycling Units . | . . . Scanalyzers . | . . . Garrison Access . | . . . Data Cores Recovered . | . . . Used . | . . . Hacking Detections 4 | . 4 . Full Trace Events 1 | . 1 . Feedback Events . | . . . Feedback Blocked . | . . . Robot Schematics Acquired . | . . . Robots Built . | . . . Authchips . | . . . Time . | . . . Total Robot Build Rating . | . . . Part Schematics Acquired . | . . . Parts Built . | . . . Authchips . | . . . Time . | . . . Total Part Build Rating . | . . . Parts Repaired . | . . . Time . | . . . Parts Recycled . | . . . Recycled Matter . | . . . Retrieved Matter . | . . . Retrieved Components . | . . . Parts Scanalyzed . | . . . Part Schematics Acquired . | . . . Parts Damaged . | . . . Bothacking | -11 -10 -10 ------------ Run | Yrd Mat Min Used RIF Installer . | . . . Robots Hacked . | . . . Non-combat . | . . . Combat . | . . . Robot Hacks Applied . | . . . Relay Couplers Released . | . . . Fabnet Peak Effective % . | . . . Robots Rewired . | . . . Allies Hacked . | . . . Hacks Repelled . | . . . Allies | -11 -10 -10 -------- Run | Yrd Mat Min Total Allies . | . . . Largest Group . | . . . Highest-Rated Group . | . . . Highest-Rated Ally . | . . . Total Orders . | . . . Ally Attacks . | . . . Total Damage . | . . . Kills . | . . . Allies Corrupted . | . . . Allies Melted . | . . . Intel | -11 -10 -10 ------- Run | Yrd Mat Min Robot Analysis Total . | . . . Derelict Logs Recovered 1 | . . 1 Drone Launches . | . . . Drone Recoveries . | . . . Exploration | -11 -10 -10 ------------- Run | Yrd Mat Min Turns Passed 1027 | 83 623 321 Spaces Moved 687 | 60 380 247 Core 2 | 2 . . Treads . | . . . Legs . | . . . Wheels 685 | 58 380 247 Hover . | . . . Flight . | . . . Fastest Speed 50 | 50 80 110 Average Speed 106 | 79 109 110 Slowest Speed 110 | 80 110 110 Overloaded Moves . | . . . Propulsion Burnouts . | . . . Robots Hopped . | . . . Cave-ins Triggered . | . . . Exploration Rate (%) 34 | 4 49 49 Regions Visited 2 Branch Regions 1 Pre-discovered Areas 1 | . . 1 Known Exits Taken 1 | . 1 . Unknown Exits Taken 1 | 1 . . Scrap Searched . | . . . Spaces Dug 3 | . 3 . Terrain Destroyed 3 | . 3 . Melee . | . . . Projectile 3 | . 3 . AOE . | . . . Terrain Rammed . | . . . Walls Destroyed . | . . . Machines Disabled . | . . . Actions | -11 -10 -10 --------- Run | Yrd Mat Min Total 857 | 79 503 275 Wait 47 | . 47 . Move 685 | 59 379 247 Hop . | . . . Pick Up 31 | 6 18 7 Fast Attach 7 | 7 . . Attach 10 | . 9 1 Detach . | . . . Swap 7 | . 7 . Drop 7 | . 2 5 Fire 63 | 7 41 15 Melee . | . . . Ram . | . . . Kick . | . . . Crush . | . . . Escape Stasis . | . . . Rewire . | . . . Trap . | . . . Miscellaneous . | . . . Route ------- -11/Scrapyard -10/Materials -10/Mines History --------- Turn | Location | Event 17 | -11/Scrapyard | Discovered new exit (range 15) 84 | -11/Scrapyard | Entered Materials 311 | -10/Materials | Build established: Mutant 398 | -10/Materials | Core integrity fell below 50% 559 | -10/Materials | Discovered new exit (range 6) 620 | -10/Materials | Identified exit to Mines 707 | -10/Materials | Entered Mines 715 | -10/Mines | Learned location of Zion (-7) 718 | -10/Mines | Met a Derelict bent on vengeance 721 | -10/Mines | Assembled infested the area 734 | -10/Mines | A weapon hastily lodged in a ceiling crevice suddenly fell to the ground 1012 | -10/Mines | Core integrity fell below 20% 1028 | -10/Mines | Destroyed by D-53 Grenadier with Mini Grenade Launcher Last Messages --------------- 00889_ S-10 Pest destroyed. 00899_ Acquired 3 matter. 00901_ Dropped Assault Rifle. 00901_ Acquired Lgt. Assault Rifle. 00902_ Dropped Sml. Laser. 00905_ Acquired Lgt. Assault Rifle. 00906_ Dropped Lgt. Ion Engine. 00907_ Dropped Flight Unit. 00910_ Acquired 10 matter. 00977_ R-06 Scavenger collects Flight Unit. 00981_ K-01 Serf collects debris. 00982_ R-06 Scavenger collects Sml. Laser. 00984_ K-01 Serf collects debris. 01011_ D-53 Grenadier destroyed. 01017_ K-01 Serf collects debris. 01024_ Seismic Detector destroyed. 01024_ T-07 Excavator destroyed. 01024_ K-01 Serf collects debris. 01026_ The unstable cave ceiling collapses. 01026_ Wheel destroyed. Map ----- +----------------------------------------------------+ | ???????# #??# """ ##??????????? | | ???????# #### """ #??????????? | | ?####??# ## """ #??????????? | | ## ##?## #???????????? | | # ##?### ########???????? | | # #???### #??## ###?????? | | # """ #?????## ## #??# ##????? | | """ ##?????##### #?## #????? | | """ #?????????# ### #?????? | | # #?????????# #??????? | | # ##?????????# ### ##??????? | | # ##??????????# #?# ##???????? | | #??????????## ### #????????? | | =#??????????# ##???????? | | =*############ #???????? | | =% #???????? | | % ##???????? | | [* ####### #### ##?#####??? | | ##????## ##?## #?## ##?? | | #####?????# #### #?# #?? | | ##?????????# ## ### #?? | | #??????????# k #?? | | #??????????# #??? | | # ##??????????## ## #??? | | ### #????????????##### ##??? | | ??# ????? d @ *= ##???? | | ??####???????????#### #????? | | ????????????????????## ##????? | | ?????????????????????# #?????? | | ?????????????????????### ## ##?????? | | ???????????????????????##?#u#??????? | | ??????????????????????????# #??????? | | ??????????????????????????# #??????? | | ??????????????????????????# #??????? | | ??????????????????????????# #??????? | | ??????????????????????????# #??????? | | ??????????????????????????# ##?????? | | ???????????????????????#### ##????? | | ??????????????????????## ##???? | | ??????????????????????# #???? | | ??????????????????????# #???? | | ??????????????????????# ## ##???? | | ???????????####???????# ######????? | | ???????????? ??????## ####??????? | | ?????????????# ####### #??????? | | ?????????????# #??????? | | ?????????????# #??????? | | ?????????????### ##### #??????? | | ?????????????### #???# #??????? | | ?????????????# #???##### ##??????? | +----------------------------------------------------+ Best States ------------- Heat Dissipation 25 Energy Generation 10 Energy Capacity 250 Matter Stores 300 Matter Capacity 300 Sight Range 16 Terrain Scan Range 16 Terrain Scan Density 10 Evasion (%) 44 Item Schematics ----------------- None Robot Schematics ------------------ None Fabricated ------------ Nothing Alien Tech Used ----------------- None Achievements -------------- None Challenges ------------ None Game ------ Seed HardlightMicroMapper Manual? 0 Play Time 00:23:35 Cumulative 2.4 hours Start 2024.09.07 @ 21:50:51 End 2024.09.07 @ 22:13:22 Sessions 1 Manual Loads 0 Difficulty Rogue Special Mode None Game No. 4 Rogue 4 Adventurer 0 Explorer 0 Win Type - Total 0 Types 0/0/0/0/0/0/0/0/0 Lore% 2 Gallery% 5 Achievement% 8 Wizard Run 0 Options --------- Layout 2 ASCII 0 Keyboard 0 Movement Vi Keybinds 0 Fullscreen 1 Font 18/SmallcapsGlow Map View 50x49 Zoom Use 0% Tactical HUD 1 Map Filters NONE Filters NONE Steam 0 RUN: c7a21494-62d4-4b3c-9e77-ab208e2ff930